 Dungeon Crawl Stone Soup version 0.31-a0-233-g139696dc86 (webtiles) character file.

Game seed: 5336483163171758991

1427 reriks the Trooper (level 8, -17/81 HPs)
             Began as a Troll Fighter on July 10, 2023.
             Was a Follower of Makhleb.
             Killed from afar by a deep elf pyromancer (37 damage)
             ... with a bolt of fire
             ... on level 7 of the Dungeon.
             The game lasted 00:09:00 (6378 turns).

reriks the Trooper (Troll Fighter)                  Turns: 6378, Time: 00:09:01

Health: -17/81     AC:  7    Str: 25    XL:     8   Next: 44%
Magic:  7/7        EV: 10    Int:  4    God:    Makhleb [*.....]
Gold:   309        SH:  9    Dex: 15    Spells: 7/7 levels left

rFire   x .          .
                       - Unarmed
rCold   . . .        b - +0 kite shield
rNeg    . . .        u - +2 robe of Complete Protection {rElec rF- Dex+4 SInv}
rPois   .            (helmet restricted)
rElec   +            p - +0 cloak
rCorr   .            (gloves unavailable)
SInv    +            (boots unavailable)
Will    +....        (no amulet)
Stlth   +            i - ring of willpower
HPRegen 1.13/turn    z - ring of flight
MPRegen 0.10/turn

%: no passive effects
@: flying
A: large, unfitting armour, claws 3, regeneration 1, shaggy fur 1, tough skin 1
a: Renounce Religion


You were on level 7 of the Dungeon.
You worshipped Makhleb.
Makhleb was aware of your devotion.
You visited 1 branch of the dungeon, and saw 7 of its levels.

You collected 309 gold pieces.

Inventory:

Armour
 a - a +0 robe
 b - a +0 kite shield (worn)
 p - a +0 cloak (worn)
 u - the +2 robe of Complete Protection (worn) {rElec rF- Dex+4 SInv}
   (You found it on level 4 of the Dungeon)

   Dex:       It affects your dexterity (+4).
   rF:        It makes you vulnerable to fire.
   rElec:     It insulates you from electricity.
   SInv:      It lets you see invisible.
Jewellery
 i - a ring of willpower (left claw)
 v - a +6 ring of intelligence
 z - a ring of flight (right claw)
Wands
 g - a wand of paralysis (15)
 s - a wand of flame (2)
Scrolls
 d - a scroll of fog
 f - 3 scrolls of teleportation
 j - 4 scrolls of blinking
 o - 2 scrolls of noise
 r - 2 scrolls of vulnerability
 t - a scroll of poison {unknown}
 y - a scroll of amnesia {unknown}
 A - a scroll of enchant weapon {unknown}
 B - a scroll of silence {unknown}
Potions
 c - a potion of might
 e - 3 potions of heal wounds
 h - a potion of berserk rage {unknown}
 k - a potion of attraction {unknown}
 l - a potion of degeneration {unknown}
 m - a potion of ambrosia {unknown}
 n - a potion of invisibility {unknown}
 q - 3 potions of lignification
 w - 2 potions of curing
 x - 2 potions of mutation


   Skills:
 * Level 5.5 Fighting
 + Level 2.9 Armour
 + Level 4.3 Dodging
 + Level 4.8 Shields
 + Level 4.7 Unarmed Combat
 + Level 0.4 Invocations


You had 7 spell levels left.
You didn't know any spells.
Your spell library contained the following spells:

 Spells                   Type           Power      Damage    Failure   Level
 Necrotise                Necr           0%         1d4       75%         1
 Slow                     Hex            0%         N/A       75%         1
 Blink                    Tloc           0%         N/A       86%         2
 Sublimation of Blood     Necr           0%         N/A       86%         2
 Wereblood                Tmut           0%         N/A       86%         2
 Confusing Touch          Hex            0%         N/A       98%         3
 Vampiric Draining        Necr           0%         2d6       98%         3
 Manifold Assault         Tloc           0%         N/A       100%        4
 Summon Ice Beast         Ice/Summ       0%         N/A       100%        4
 Agony                    Necr           0%         N/A       100%        5
 Summon Mana Viper        Hex/Summ       0%         N/A       100%        5
 Simulacrum               Ice/Necr       0%         N/A       100%        6
 Monstrous Menagerie      Summ           0%         N/A       100%        7
 Ozocubu's Refrigeration  Ice            0%         4d7       100%        7
 Storm Form               Tmut/Air       0%         N/A       100%        7
 Summon Hydra             Summ           0%         N/A       100%        7
 Polar Vortex             Ice            0%         N/A       100%        9


Dungeon Overview and Level Annotations

Branches:
Dungeon (7/15)             Temple (0/1) D:7

Altars:
Ashenzari
Cheibriados
Elyvilon
Makhleb
Xom
The Shining One

Annotations:
D:5 exclusion: door, Ijyb


Innate Abilities, Weirdness & Mutations

You are too large for most types of armour.
You have claws for hands.
Your natural rate of healing is unusually fast.
You are covered in fur. (AC +1)
You have tough skin. (AC +1)


Message History

You block the deep elf pyromancer's attack.
You scratch the deep elf pyromancer.
The deep elf pyromancer is moderately wounded.
The deep elf pyromancer points at you and mumbles some strange words.
The sticky flame hits you! The fire burns you terribly!
You are covered in liquid flames!
You scratch the deep elf pyromancer.
The deep elf pyromancer is moderately wounded.
You are covered in liquid flames!
The deep elf pyromancer casts a spell.
The deep elf pyromancer blinks!
You are covered in liquid flames!
You closely miss the deep elf pyromancer.
The deep elf pyromancer is moderately wounded.
You are covered in liquid flames!
The deep elf pyromancer gestures at you while chanting.
The sticky flame hits you. The fire burns you terribly!
You are covered in liquid flames!
You claw the deep elf pyromancer!
The deep elf pyromancer is severely wounded.
You are covered in liquid flames!
The deep elf pyromancer barely misses you.
You miss the deep elf pyromancer.
The deep elf pyromancer is severely wounded.
You are covered in liquid flames!
You block the deep elf pyromancer's attack.
You barely miss the deep elf pyromancer.
The deep elf pyromancer is severely wounded.
You are covered in liquid flames!
* * * LOW HITPOINT WARNING * * *
The deep elf pyromancer hits you with a +0 long sword.
* * * LOW HITPOINT WARNING * * *
You scratch the deep elf pyromancer.
The deep elf pyromancer is severely wounded.
The deep elf pyromancer hits you but does no damage.
You barely miss the deep elf pyromancer.
The deep elf pyromancer is severely wounded.
The deep elf pyromancer gestures at you while chanting.
The bolt of fire hits you!!! The fire burns you terribly!
You die...

.###.......###########.#
...........# ..........#
...........# ..........#
........##.#+++######8.##
.......###.#8..+........#
.......# #.#...+........#
.......###.#...+........#
...........#'''######8..#
...........#....@e......#
...........#............#
...###.....###########..#
..## #..................#
...###>.........###.....#
### ..........#######
###.### ###.###
..........# #.# #.....#
..........## #.##
##⌠##... ###........###
#..###.~≈##..


You could see a deep elf pyromancer.

Vanquished Creatures
  A hornet (D:7)
  An ice beast (D:5)
  An ogre (D:5)
  2 centaurs (D:7)
  A phantom (D:6)
  A bullfrog (D:6)
  2 scorpions
  A gnoll sergeant (D:6)
  2 howler monkeys (D:7)
  A jelly (D:6)
  3 hounds
  A gnoll bouda (D:7)
  2 sleepcaps
  An iguana (D:6)
  13 gnolls
  3 adders
  2 shadow imps
  2 white imps
  3 worms
  3 dart slugs
  5 orcs
  7 ball pythons
  4 endoplasms
  3 giant cockroaches
  5 goblins
  12 hobgoblins
  7 jackals
  6 kobolds
  A quokka (D:2)
  7 bats
  4 frilled lizards
  7 rats
114 creatures vanquished.

Notes
Turn   | Place    | Note
-------+----------+-------------------------------------------
     0 | D:1      | reriks the Troll Fighter began the quest for the Orb.
     0 | D:1      | Reached XP level 1. HP: 22/22 MP: 0/0
    44 | D:1      | Reached XP level 2. HP: 28/29 MP: 1/1
   541 | D:2      | Reached XP level 3. HP: 27/36 MP: 2/2
  1098 | D:2      | Reached XP level 4. HP: 44/44 MP: 3/3
  1460 | D:3      | Reached skill level 3 in Fighting
  1983 | D:4      | Noticed a scorpion
  2005 | D:4      | Killed a scorpion
  2006 | D:4      | Reached XP level 5. HP: 30/53 MP: 4/4
  2288 | D:4      | Reached skill level 1 in Armour
  2351 | D:4      | Identified the +2 robe of Complete Protection {rElec rF-
                  | Dex+4 SInv}
  2633 | D:5      | Entered Level 5 of the Dungeon
  2659 | D:5      | Noticed an ice beast
  2667 | D:5      | Killed an ice beast
  2668 | D:5      | Reached XP level 6. HP: 62/62 MP: 5/5
  2832 | D:5      | Found a burning altar of Makhleb.
  2938 | D:5      | Found a broken altar of Ashenzari.
  3014 | D:5      | Became a worshipper of Makhleb the Destroyer
  3105 | D:5      | Found a white marble altar of Elyvilon.
  3105 | D:5      | Identified the +2 robe of Polish {rElec}
  3299 | D:5      | Found a snail-covered altar of Cheibriados.
  3402 | D:5      | Noticed Ijyb
  3409 | D:5      | Reached skill level 4 in Fighting
  4039 | D:6      | Reached XP level 7. HP: 70/70 MP: 6/6
  5060 | D:7      | Noticed a hornet
  5077 | D:7      | Killed a hornet
  5078 | D:7      | Reached skill level 5 in Fighting
  5078 | D:7      | Reached XP level 8. HP: 80/80 MP: 7/7
  5443 | D:7      | Found a staircase to the Ecumenical Temple.
  5468 | D:7      | Reached * piety under Makhleb
  5672 | D:7      | Found a shimmering altar of Xom.
  5673 | D:7      | Found a shimmering altar of Xom.
  5674 | D:7      | Found a shimmering altar of Xom.
  5675 | D:7      | Found a shimmering altar of Xom.
  5675 | D:7      | Found a shimmering altar of Xom.
  5676 | D:7      | Found a shimmering altar of Xom.
  5700 | D:7      | Found a glowing golden altar of the Shining One.
  6365 | D:7      | Noticed a deep elf pyromancer
  6378 | D:7      | Killed from afar by a deep elf pyromancer

Illustrated notes

Levels and vault maps discovered:
D:1:      grunt_arrival_lava_bath, layout_rooms
D:2:      layout_basic, chequers_mini_garden, amcnicky_mini_rare_corridor_liquid
D:3:      layout_basic
D:4:      layout_loops_ring, chequers_arboretum, minmay_bisected
D:5:      layout_loops_corners, overflow_temple_1_default,
          mainiacjoe_overflow_cross_hatched, mainiacjoe_overflow_24_doors,
          lightli_temple_of_fire, kennysheep_generic_room_16, uniq_ijyb
D:6:      layout_basic
D:7:      layout_layer_cave, mainiacjoe_overflow_small_starburst,
          xom_redecorated, minmay_temple_entry_tees, guppyfry_early_elven_hall

Skill      XL: |  1  2  3  4  5  6  7 |
---------------+----------------------+-----
Shields        | 3 4 |  4.8
Fighting       | 3 4 5 |  5.5
Dodging        | 3 4 |  4.3
Unarmed Combat | 3 4 |  4.7
Armour         | 1 2 |  2.9
Invocations    | |  0.4

Action                     |  1- 3 |  4- 6 |  7- 9 || total
---------------------------+-------+-------+-------++-------
  Melee: Unarmed           |   127 |   131 |   126 ||   384
  Evoke: Wand              |       |     3 |     3 ||     6
    Use: Scroll            |     1 |     5 |     3 ||     9
   Stab: Paralysed         |       |     4 |     3 ||     7
         Sleeping          |       |     2 |       ||     2
 Armour: Robe              |    46 |    28 |    34 ||   108
         Skin              |       |     3 |       ||     3
  Dodge: Dodged            |    23 |    37 |    56 ||   116
  Block: Kite shield       |    52 |    51 |    56 ||   159

Table legend: (Time is in decaauts)
 A = Elapsed time spent in this place.
 B = Non-inter-level travel time spent in this place.
 C = Inter-level travel time spent in this place.
 D = Time resting spent in this place.
 E = Time spent auto-exploring this place.
 F = Levels seen in this place.
 G = Mean time per level.
                   A        B        C        D        E       F      G
               +--------+--------+--------+--------+--------+-----+--------+
         Total |   6402 |   5896 |    506 |    460 |   4380 |   7 |  914.6 |
       Dungeon |   6402 |   5896 |    506 |    460 |   4380 |   7 |  914.6 |
               +--------+--------+--------+--------+--------+-----+--------+

Top non-repeatable levels by time:
     D:6: 1348 daAuts
     D:7: 1253 daAuts
     D:5: 1152 daAuts
     D:4: 795 daAuts
     D:2: 752 daAuts
     D:3: 634 daAuts
     D:1: 465 daAuts
